[Event "Late-Titled-Tuesday-Blitz-April-30-2024"]
[Site "Chess.com"]
[Date "2024.04.30"]
[Round "10"]
[White "Slovak_fighter2000"]
[Black "ChessSwole"]
[Result "1/2-1/2"]
[WhiteElo "2473"]
[BlackElo "2655"]
[TimeControl "180+1"]
[EndTime "15:54:57 PDT"]
[Termination "Game drawn - insufficient material"]

1. e4 c5 2. Nf3 Nc6 3. c3 Nf6 4.
e5 Nd5 5. d4 cxd4 6. cxd4 d6 7.
Bc4 dxe5 8. dxe5 Be6 9. O-O g6 10. Qe2 Qc7 11. Ng5 Bg7 12. Nxe6 fxe6 13. Bg5 Qxe5 14.
Qxe5 Bxe5 15. Nd2 Bf6 16. Nf3 O-O 17. Rfe1 Kf7 18. Rad1 Rad8 19. Bh6 Rfe8 20. Ng5+ Bxg5 21. Bxg5 Nc7 22. Bf4 Rxd1 23. Rxd1 Rc8 24. Rd7 Na5 25. Bf1 Nd5 26. Bd2 Nc4 27. Bxc4 Rxc4 28. Rxb7 Rc2 29. Be3 a5 30. h3 Nb4 31. a3 Nd3 32. b4 axb4 33. axb4 Rb2 34. b5 e5 35. b6 Ke6 36. Rb8 Nf4 37. Rh8 h5 38. Rg8 Kf7 39. Rb8 Nd5 40. Bc5 Rb5 41. Be3 Kg7 42. b7 Nxe3 43. fxe3 Rb2 44. Kh2 h4 45. Kg1 Kf7 46.
Kf1 Ke6 47. Rg8 Rxb7 48. Rxg6+ Kf5 49. Rg4 Rb3 50. Kf2 Rb2+ 51. Kg1 Re2 52. Rxh4 Rxe3 53. Rh7 Kf6 54. Kf2 Rb3 55. h4 e4 56. g4 Rf3+ 57.
Ke2 Rf4 58. g5+ Kg6 59. Rh6+ Kg7 60. Ke3 Rg4 61. Re6 Rxh4 62. Rxe7+ Kg6 63. Rxe4 Kxg5 64. Rxh4 Kxh4 1/2-1/2

[Event "Late-Titled-Tuesday-Blitz-April-30-2024"]
[Site "Chess.com"]
[Date "2024.04.30"]
[Round "10"]
[White "AlainBruxelles"]
[Black "luggevoila"]
[Result "1-0"]
[WhiteElo "2248"]
[BlackElo "2314"]
[TimeControl "180+1"]
[EndTime "15:54:57 PDT"]
[Termination "AlainBruxelles won on time"]

1. e4 e5 2. Nf3 Nc6 3. Bb5 a6 4. Ba4 Nf6 5. O-O Bc5 6. Qe2 O-O 7. c3 b5 8. Bc2 d6 9. Rd1 Bb6 10. h3 Re8 11. a4 Bb7 12. Na3 d5 13. d3 b4 14. Nb1 a5 15. Bg5 d4 16. c4 h6 17. Bh4 Bc5 18. Nbd2 Be7 19. Nf1 Nh5 20.
Bxe7 Qxe7 21. g3 Bc8 22. Nh4 g6 23. Nf5 Bxf5 24. exf5 Qg5 25. fxg6 Qxg6 26. Nd2 f5 27. Kh2 e4 28. Rg1 e3 29. Nf3 Kh8 30. Nh4 Qf7 31.
Raf1 f4 32. Bd1 exf2 33. Qxf2 fxg3+ 34. Qxg3 Qxf1 35. Ng6+ Kh7 36. Nf8+ Qxf8 37. Qg6+ Kh8 38. Bxh5 Ne5 39. Qg3 Re7 40. Be2 Qg7 41. Qh4 Qf7 42. Qxh6+ Qh7 43. Qf6+ Rg7 44. Qxe5 Rg8 45. Bf3 Qh6 46.
Be4 Qd2+ 47. Kh1 Qh6 48. Qf5 Rg5 49. Rxg5 1-0

[Event "Late-Titled-Tuesday-Blitz-April-30-2024"]
[Site "Chess.com"]
[Date "2024.04.30"]
[Round "10"]
[White "Caterpiller35"]
[Black "dealshark"]
[Result "0-1"]
[WhiteElo "2464"]
[BlackElo "2327"]
[TimeControl "180+1"]
[EndTime "15:54:58 PDT"]
[Termination "dealshark won on time"]

1. e4 c5 2. Nf3 e6 3. d4 cxd4 4. Nxd4 a6 5. Nc3 Qc7 6. Be2 Nf6 7.
O-O b5 8. a3 Bb7 9. Qd3 Be7 10.
f4 d6 11. Bf3 Nbd7 12. Re1 O-O 13. Kh1 Rfe8 14. b3 Rad8 15. Bb2 Bf8 16. Rad1 e5 17. Nf5 Nc5 18. Qe3 g6 19. Ng3 Bh6 20. Nce2 Ne6 21. Qc3 Qxc3 22. Bxc3 Nxf4 23. Nxf4 Bxf4 24. Ba5 Rd7 25. Bb4 Bxg3 26. hxg3 d5 27. exd5 e4 28. Bc3 Nxd5 29. Rxe4 Rxe4 30. Bxe4 Nxc3 31. Rxd7 Bxe4 32. Ra7 Ne2 33. Kh2 Bxc2 34. Rxa6 Bxb3 35. Rb6 Bc4 36. Rc6 Nd4 37. Rc8+ Kg7 38. a4 Nb3 39. axb5 Bxb5 40. Rb8 Bc4 41. Rb4 Be6 42. Kg1 Nc5 43. Rb8 Kf6 44. Kf2 h5 45. Rb6 Ne4+ 46. Kf3 Ng5+ 47. Kf2 Ke5 48. Rb5+ Kf6 49. Rb6 Ne4+ 50. Kf3 Nc3 51.
Rc6 Ke5 52. Ra6 Nd5 53. Ra5 Kd4 54. Kf2 Nb4 55. Ra4 Kc3 56. Ra7 Nd3+ 57. Ke3 Nb4 58. Rc7+ Kb3 59. Kd4 Nc2+ 60. Ke5 Ne1 61. Kf6 Nxg2 62.
Rb7+ Kc4 0-1

[Event "Late-Titled-Tuesday-Blitz-April-30-2024"]
[Site "Chess.com"]
[Date "2024.04.30"]
[Round "10"]
[White "MatthewG-p4p"]
[Black "h4parah5"]
[Result "1/2-1/2"]
[WhiteElo "2891"]
[BlackElo "3027"]
[TimeControl "180+1"]
[EndTime "15:54:59 PDT"]
[Termination "Game drawn - insufficient material"]

1. e4 c5 2. c3 d5 3. exd5 Nf6 4.
Qa4+ Nbd7 5. Qb3 g6 6. Nf3 Bg7 7. c4 O-O 8. Be2 b5 9. d3 Rb8 10. Qc2 Qc7 11. O-O Bb7 12. Nc3 a6 13. Re1 e6 14.
dxe6 fxe6 15. h3 Nh5 16. cxb5 Bxf3 17. Bxf3 Rxf3 18. gxf3 Ne5 19. Qd1 Rf8 20. f4 Nxf4 21. Bxf4 Rxf4 22. Re3 axb5 23. Qe2 h5 24. Re1 Nc6 25.
Nxb5 Qb7 26. Rg3 Ne5 27. Nd6 Nf3+ 28. Rxf3 Qxf3 29. Qxf3 Rxf3 30. Rxe6 Bxb2 31. Rxg6+ Kh7 32. Rg3 Rf6 33. Ne4 Ra6 34. Nxc5 Rxa2 35. Ne4 Bd4 36. Rg5 Ra3 37. Rxh5+ Kg6 38. Rg5+ Kf7 39. Rg3 Ra5 40.
Kg2 Rh5 41. Rg4 Bb2 42. Ng3 Rd5 43. Rb4 Bc3 44. Rb3 Bd4 45. Ne4 Kg6 46. f4 Rh5 47.
Rb4 Be3 48. Ng3 Rd5 49. f5+ Kf7 50. Rb7+ Kf6 51. Rb3 Bf4 52. Ne2 Kxf5 53. Kf3 Be5 54. d4 Bf6 55. Rd3 Rd8 56. Ng3+ Ke6 57. Ke4 Rh8 58.
d5+ Kf7 59. Nf5 Ke8 60. Ra3 Kf7 61. d6 Ke6 62. Rd3 Rh5 63. d7 Rxf5 64. Rd6+ Kxd6 65.
Kxf5 Bd8 66. h4 Kxd7 67. h5 Ba5 68. h6 Bc3 69. Kg6 Bh8 70. h7 Bc3 71. Kf7 Bh8 72. Kf8 Bc3 73. Kg8 Ke7 74. h8=Q Bxh8 1/2-1/2

[Event "Late-Titled-Tuesday-Blitz-April-30-2024"]
[Site "Chess.com"]
[Date "2024.04.30"]
[Round "10"]
[White "DeArron_Fox"]
[Black "BeanScreen"]
[Result "1-0"]
[WhiteElo "2533"]
[BlackElo "2669"]
[TimeControl "180+1"]
[EndTime "15:55:00 PDT"]
[Termination "DeArron_Fox won by checkmate"]

1. d4 d5 2. c4 e6 3. Nc3 c5 4. cxd5 cxd4 5. Qa4+ Bd7 6. Qxd4 exd5 7. Qxd5 Nf6 8. Qd1 Bc5 9. Nf3 O-O 10. a3 Qc7 11.
Bg5 Qb6 12. e3 Qxb2 13. Bxf6 gxf6 14. Ne4 Ba4 15. Qb1 Qxb1+ 16. Rxb1 Bxa3 17. Rxb7 f5 18. Nf6+ Kg7 19. Nh5+ Kh6 20. Ng3 Nc6 21. Nxf5+ Kg6 22.
Bd3 Kf6 23. g4 Rab8 24. Rc7 Rfc8 25. g5+ Ke6 26. Ng7+ Kd6 27. Rxf7 Nb4 28. Ke2 Nxd3 29. Kxd3 Bb5+ 30. Ke4 Bc6+ 31. Kf4 Rf8 32. Nf5+ Ke6 33. Rxf8 Rxf8 34. Nd4+ Kd7 35. Nxc6 Kxc6 36. e4 Bb2 37. e5 a5 38. Rb1 Ba3 39. Ra1 Bb4 40. e6 Kb5 41.
Ke4 Re8 42. Kd5 Rd8+ 43. Ke5 Bc3+ 44. Ke4 Bxa1 45. e7 Re8 46. Kd5 a4 47. Ke6 a3 48.
Nd6+ Kc6 49. Nxe8 Bf6 50. Nxf6 a2 51. e8=Q+ Kc5 52. Qa4 a1=Q 53. Qxa1 Kc4 54. Qe5 Kd3 55. Nxh7 Kd2 56. g6 Kd1 57. g7 Kd2 58. g8=Q Kd3 59.
Qd8+ Kc4 60. Qec7+ Kb5 61. Qdb8+ Ka6 62. Qca7# 1-0

[Event "Late-Titled-Tuesday-Blitz-April-30-2024"]
[Site "Chess.com"]
[Date "2024.04.30"]
[Round "10"]
[White "sassassasss"]
[Black "el008"]
[Result "1-0"]
[WhiteElo "2422"]
[BlackElo "2525"]
[TimeControl "180+1"]
[EndTime "15:55:01 PDT"]
[Termination "sassassasss won by checkmate"]

1. e4 b6 2. Nc3 Bb7 3. Nf3 e6 4. d4 c5 5. dxc5 Bxc5 6. Bd3 Ne7 7. O-O Nbc6 8. a3 a6 9. b4 Bd6 10. Bb2 Bb8 11. Ne2 O-O 12. c4 Ng6 13. Qc2 Qc7 14. Qc3 f6 15. Ng3 Nf4 16. Rfd1 Ne5 17. Nxe5 fxe5 18. Bf1 Qd8 19. f3 Qg5 20. Qe1 h5 21. Rxd7 Bc6 22. Rd2 h4 23. Ne2 Nxg2 24. Bxg2 h3 25. Ng3 hxg2 26. Kxg2 Bc7 27. Rf2 Rad8 28. Rd1 Ba4 29. Rxd8 Rxd8 30. Bc1 Qg6 31. Rd2 Rd4 32. Qe3 Rxc4 33. Bb2 Rc6 34. Rd7 Rc2+ 35. Rd2 Rxd2+ 36. Qxd2 Qe8 37. Qg5 Qd8 38. Qg6 Qd2+ 39. Kh3 Bd7 40. Nh5 Qh6 41. Qxh6 gxh6 42. Nf6+ Kf7 43.
Nxd7 Ke7 44. Nxe5 Ke8 45. Kg4 Bd8 46. Kh5 Bg5 47. h4 Be3 48. Nc4 Bf2 49. Kxh6 b5 50.
Ne5 Be3+ 51. Kg6 Kf8 52. h5 a5 53. bxa5 b4 54. axb4 Ke7 55. h6 Kd6 56. Nf7+ Ke7 57. h7 e5 58. h8=Q Kd7 59. Qxe5 Ba7 60. Qd6+ Kc8 61. Qc6+ Kb8 62. Be5# 1-0

[Event "Late-Titled-Tuesday-Blitz-April-30-2024"]
[Site "Chess.com"]
[Date "2024.04.30"]
[Round "10"]
[White "anasta10"]
[Black "Abund"]
[Result "1-0"]
[WhiteElo "2624"]
[BlackElo "2755"]
[TimeControl "180+1"]
[EndTime "15:55:05 PDT"]
[Termination "anasta10 won by resignation"]

1. Nf3 d5 2. d4 Nf6 3. c4 e6 4.
Nc3 a6 5. cxd5 exd5 6. Bg5 Be6 7.
e3 Nbd7 8. Bd3 Bd6 9. Qc2 c6 10. h3 Qc7 11. O-O h6 12. Bxf6 Nxf6 13. e4 dxe4 14. Nxe4 Nxe4 15. Bxe4 O-O 16. Rfd1 Rad8 17.
Rac1 Qa5 18. b3 Bf4 19. Rb1 Rd7 20. a4 Qb4 21. Bh7+ Kh8 22. Bf5 Re8 23. Re1 Rde7 24. Bxe6 Rxe6 25. Rxe6 Rxe6 26. Qf5 Rf6 27. Qe4 g6 28.
Qd3 Re6 29. Rd1 Bc7 30. g3 Kg8 31. Kg2 a5 32. Rc1 Qd6 33. Rd1 Qd5 34. Qc4 Qd8 35. b4 axb4 36. Qxb4 b6 37. Re1 Rxe1 38. Qxe1 Qd5 39.
Qe8+ Kg7 40. Qc8 Bd6 41. Qb7 b5 42. a5 b4 43. a6 Qa5 44. a7 b3 45. a8=Q Qxa8 46.
Qxa8 b2 47. Qb7 Ba3 48. Nd2 c5 49. dxc5 Bxc5 50. Qxb2+ Kh7 51. Ne4 Be7 52. Qb7 h5 53. Qxe7 1-0

[Event "Late-Titled-Tuesday-Blitz-April-30-2024"]
[Site "Chess.com"]
[Date "2024.04.30"]
[Round "10"]
[White "ChEsper99"]
[Black "rhungaski"]
[Result "1/2-1/2"]
[WhiteElo "2273"]
[BlackElo "2537"]
[TimeControl "180+1"]
[EndTime "15:55:06 PDT"]
[Termination "Game drawn by repetition"]

1. e4 e5 2. Nf3 Nc6 3. Bc4 Nf6 4. d3 h6 5. a4 d6 6. a5 g6 7. O-O Bg7 8. Nc3 O-O 9. a6 bxa6 10. Bxa6 Bd7 11.
h3 Rb8 12. Bc4 Nh5 13. Bb3 a5 14. Be3 Nf4 15. d4 Rb4 16. dxe5 dxe5 17. Bc5 Rd4 18. Nxd4 exd4 19. Bxf8 Qg5 20. Qf3 dxc3 21. Bxg7 Kxg7 22. Kh2 cxb2 23. Rab1 Nd4 24. Qg3 Qe5 25. Bc4 Nde6 26. Bxe6 Bxe6 27. c3 Bc4 28. Rfe1 h5 29. Rxb2 h4 30. Qg4 Nd3+ 31. f4 Qc5 32. Rbe2 Nxe1 33.
Rxe1 a4 34. f5 a3 35. Qxh4 Qe5+ 36. Qg3 Qxg3+ 37. Kxg3 a2 38. Kf3 Kf6 39. Ke3 Bb3 40. fxg6 fxg6 41. Kd4 Bc2 42. Ra1 Bb1 43. g4 g5 44. e5+ Ke6 45. c4 c6 46. c5 Ke7 47.
Kc4 Ke6 48. Kd4 Ke7 49. Kc4 Ke6 50. Kd4 1/2-1/2

[Event "Late-Titled-Tuesday-Blitz-April-30-2024"]
[Site "Chess.com"]
[Date "2024.04.30"]
[Round "10"]
[White "JaackCamel"]
[Black "Akhayan"]
[Result "0-1"]
[WhiteElo "2270"]
[BlackElo "2458"]
[TimeControl "180+1"]
[EndTime "15:55:06 PDT"]
[Termination "Akhayan won on time"]

1. d4 Nf6 2. c4 g6 3. Nc3 d5 4.
cxd5 Nxd5 5. e4 Nxc3 6. bxc3 Bg7 7. Nf3 c5 8. Be3 Qa5 9. Qd2 O-O 10. Rc1 cxd4 11.
cxd4 Qxd2+ 12. Kxd2 Rd8 13. Bd3 Bg4 14. Rc7 Bxf3 15.
gxf3 Nc6 16. d5 Ne5 17. Rxe7 Nxf3+ 18. Ke2 Nd4+ 19. Kd2 b6 20. Rc1 Bf6 21. Rb7 Nf3+ 22. Ke2 Ne5 23. Bb5 Rdb8 24. Rbc7 Bd8 25. R7c2 a6 26.
Ba4 b5 27. Bb3 h5 28. h3 Ba5 29. f4 Nd7 30. e5 Re8 31. d6 Kg7 32. Kf3 g5 33. Rc7 Bxc7 34. Rxc7 gxf4 35. Bxf4 Nxe5+ 36. Bxe5+ Rxe5 37. Rxf7+ Kg6 38. Kf4 Re1 39. Rc7 Rd8 40.
d7 Re7 41. Rc6+ Kg7 42. Be6 Kf6 43. Bf5+ Kf7 44. Kg5 Re5 45. Kf4 Rxf5+ 46. Kxf5 Rxd7 47. Rxa6 Rd3 48. Ra7+ Ke8 49. Ke6 Kd8 50. Rb7 Rxh3 51.
Rxb5 Kc7 52. a4 Kc6 53. Rg5 Re3+ 54. Kf6 h4 55. Rh5 h3 56. a5 Rf3+ 57. Ke5 Re3+ 58. Kf4 Ra3 0-1

[Event "Late-Titled-Tuesday-Blitz-April-30-2024"]
[Site "Chess.com"]
[Date "2024.04.30"]
[Round "10"]
[White "yuki_chess123"]
[Black "Shiner22"]
[Result "0-1"]
[WhiteElo "2112"]
[BlackElo "2284"]
[TimeControl "180+1"]
[EndTime "15:55:06 PDT"]
[Termination "Shiner22 won by resignation"]

1. e4 c5 2. Nf3 Nc6 3. Bb5 g5 4. Bxc6 dxc6 5. Nxg5 Nf6 6. d3 Rg8 7. Kf1 c4 8. Nc3 Bg4 9. Nf3 e5 10. h3 Bh5 11. g4 Bg6 12. Nxe5 Bc5 13. Be3 Bxe3 14.
fxe3 cxd3 15. cxd3 Qb6 16. Nc4 Qc7 17. Qf3 Nd7 18.
Qf4 O-O-O 19. Ke2 Nc5 20. Qxc7+ Kxc7 21. Rad1 Rge8 22. e5 Bxd3+ 23. Rxd3 Nxd3 24. Rf1 Nxe5 25. Nxe5 Rxe5 26. Rxf7+ Rd7 27. Rf6 Rde7 28. e4 R5e6 29. Rf5 Rh6 30. Rf3 b5 31. a3 a5 32. Re3 Rhe6 33.
Kd3 Rd7+ 34. Kc2 Rd4 35. e5 Kb6 36. b3 h5 37. gxh5 Rh4 38. a4 b4 39. Ne2 Rxh5 40. Nd4 Rexe5 41. Rf3 Rd5 42. Ne6 Rhe5 43. Nf4 Rc5+ 44.
Kd2 Rc3 45. Rxc3 bxc3+ 46. Kxc3 Re3+ 47. Kc4 Rf3 48. Nd3 Rxh3 49. b4 Rh4+ 50. Kc3 Rh3 51.
bxa5+ Kxa5 52. Kc4 Kxa4 53. Nc5+ Ka5 54. Nb3+ Kb6 0-1

[Event "Late-Titled-Tuesday-Blitz-April-30-2024"]
[Site "Chess.com"]
[Date "2024.04.30"]
[Round "10"]
[White "Meri-Arabidze"]
[Black "Bykov_Egor"]
[Result "1-0"]
[WhiteElo "2704"]
[BlackElo "2606"]
[TimeControl "180+1"]
[EndTime "15:55:08 PDT"]
[Termination "Meri-Arabidze won by resignation"]

1. Nf3 Nf6 2. c4 g6 3. b3 Bg7 4. Bb2 d6 5. g3 O-O 6. Bg2 e5 7. O-O Re8 8. d3 Nc6 9. a3 Bf5 10. b4 e4 11. dxe4 Bxe4 12. Nc3 Nd7 13. Ra2 Bf5 14. Nd5 Nde5 15. Nxe5 Nxe5 16. Ne3 Be6 17. Bxb7 Nxc4 18. Nxc4 Bxc4 19. Bxg7 Rb8 20. Bc6 Bxa2 21.
Bxe8 Kxg7 22. Qa1+ Qf6 23. Qxa2 Rxe8 24. Rc1 Re7 25.
e3 h5 26. Qc4 g5 27. Qc3 Qxc3 28. Rxc3 Kf6 29. Rc6 Ke5 30. Kf1 Kd5 31. Ra6 c5 32.
Ke2 Rb7 33. Ra5 Kc4 34. bxc5 dxc5 35. h4 gxh4 36. gxh4 Rc7 37. Ra6 Kb3 38. Kd2 Kb2 39. Ra5 c4 40. Rb5+ Kxa3 41. Kc3 Ka4 42. Rxh5 a5 43. Rd5 f6 44. h5 Rh7 45. Kxc4 Ka3 46. Rxa5+ Kb2 47. Rf5 Kc2 48. Kd4 Kd2 49. Kd5 Ke2 50.
Ke6 Rh6 51. Kf7 Kf1 52. Kg7 1-0

[Event "Late-Titled-Tuesday-Blitz-April-30-2024"]
[Site "Chess.com"]
[Date "2024.04.30"]
[Round "10"]
[White "carloseduar100"]
[Black "georgpapi"]
[Result "1-0"]
[WhiteElo "2252"]
[BlackElo "2367"]
[TimeControl "180+1"]
[EndTime "15:55:08 PDT"]
[Termination "carloseduar100 won on time"]

1. d4 Nf6 2. Bg5 g6 3. Bxf6 exf6 4. g3 d5 5. Bg2 Bd6 6. Nd2 c6 7. e3 O-O 8. Ne2 f5 9. O-O Nd7 10. b3 Nf6 11. c4 dxc4 12. bxc4 Kg7 13. a4 Re8 14. a5 Ne4 15. c5 Bc7 16. a6 bxa6 17. Nc4 a5 18. Qa4 Ba6 19. Rfc1 Bb5 20. Qa2 a4 21.
Na3 a6 22. Nc3 Qe7 23. d5 Nxc3 24. Rxc3 Be5 25. d6 Qf6 26. Rcc1 Bxa1 27. Rxa1 Rec8 28.
Rb1 Qc3 29. h4 Qxc5 30. d7 Rd8 31. Qb2+ Kg8 32. Rc1 Qd6 33. Nxb5 axb5 34. Bxc6 Rab8 35. Qc2 a3 36. Rd1 Qe7 37. Qb3 b4 38. Ba4 Rb7 39.
Rd4 Qc5 40. Kg2 Qc3 41. Qd5 a2 42. Qxa2 b3 43. Qa3 Kg7 44. Qe7 b2 45. Qxd8 b1=Q 46.
Qe7 Qbc1 47. Qe5+ Kh6 48. Qf4+ Kg7 49. Qe5+ Kh6 50. d8=Q Qc6+ 51. e4 1-0

[Event "Late-Titled-Tuesday-Blitz-April-30-2024"]
[Site "Chess.com"]
[Date "2024.04.30"]
[Round "10"]
[White "MNyuyu"]
[Black "nabukatnezarr"]
[Result "0-1"]
[WhiteElo "2402"]
[BlackElo "2598"]
[TimeControl "180+1"]
[EndTime "15:55:09 PDT"]
[Termination "nabukatnezarr won on time"]

1. c4 Nf6 2. Nc3 d5 3. cxd5 Nxd5 4. e4 Nxc3 5. bxc3 g6 6. Nf3 Bg7 7. d4 c5 8. h3 cxd4 9. cxd4 Nc6 10. Be3 Qa5+ 11. Qd2 Qxd2+ 12. Kxd2 O-O 13. Rd1 Rd8 14. Kc1 Bd7 15. Be2 Rac8 16. Kb1 h6 17. Rc1 f5 18. e5 Be6 19. Bc4 Bd5 20. Rhd1 e6 21. Bxd5 Rxd5 22. g3 Rcd8 23. Rd2 g5 24. Rdc2 Bf8 25.
h4 g4 26. Nd2 Ba3 27. Rxc6 bxc6 28. Rxc6 Kf7 29. Nb3 Bf8 30. Nd2 Rb8+ 31. Nb3 Rb7 32.
Kc2 Rdd7 33. Nc5 Bxc5 34. Rxc5 Rdc7 35. Bxh6 Ke7 36. Be3 Kd7 37. h5 Rxc5+ 38. dxc5 Kc6 39. h6 Kd5 40. Bf4 Kxc5 41. Bg5 Rh7 42. Bf4 Kd4 43.
Kd2 Rc7 44. a4 a5 45. Ke2 Ke4 46. Kf1 Rh7 47. Ke2 Kd4 48. Kd2 Kc4 49. Ke3 Kb4 50. Kd4 Kxa4 51. Kc5 Kb3 52. Kd6 a4 53. Kxe6 a3 54.
Kxf5 a2 55. e6 a1=Q 56. Kg6 Qb1+ 57. Kf6 Qe4 0-1

[Event "Late-Titled-Tuesday-Blitz-April-30-2024"]
[Site "Chess.com"]
[Date "2024.04.30"]
[Round "10"]
[White "ATM622"]
[Black "zano2023"]
[Result "1/2-1/2"]
[WhiteElo "2486"]
[BlackElo "2177"]
[TimeControl "180+1"]
[EndTime "15:55:12 PDT"]
[Termination "Game drawn by repetition"]

1. d4 e5 2. dxe5 d6 3. Nf3 Bg4 4. Nc3 Nc6 5. e4 dxe5 6. Be3 Bb4 7. Bc4 Nf6 8. Bd3 Qe7 9. h3 Bh5 10. g4 Bg6 11. Nd2 O-O-O 12. Qe2 Nd4 13. Bxd4 Rxd4 14.
f3 c6 15. Ncb1 Rd7 16. a3 Ba5 17. b4 Bb6 18. Nc4 Bd4 19. c3 Bb6 20. Nbd2 Rhd8 21.
Bc2 h5 22. O-O-O Bc7 23. Nb3 Rxd1+ 24. Rxd1 Rxd1+ 25. Qxd1 b6 26. a4 Ne8 27. a5 Kb7 28. Qd3 f6 29. a6+ Kc8 30. Ne3 Bf7 31. Nd2 hxg4 32.
hxg4 g6 33. Bb3 Nd6 34. c4 Ne8 35. Nc2 Ng7 36. Qe3 g5 37. Qg1 Ne6 38. Qh1 Qf8 39.
Qh7 Qg7 40. Qxg7 Nxg7 41. Ne3 Bd6 42. c5 Bxb3 43. Nxb3 bxc5 44. bxc5 Bc7 45. Nf5 Nxf5 46. gxf5 Kd8 47. Kd1 Ke8 48. Ke2 Kf7 49. Kf2 Kg7 50.
Kg3 Kh6 51. Kg4 Bd8 52. Nd2 Be7 53. Nb3 Bf8 54. Na5 Bxc5 55. Nxc6 Bf2 56. Nd8 Bc5 57. Ne6 Bd6 58. Nd8 Bc5 59. Nf7+ Kg7 60. Nd8 Kh6 1/2-1/2

[Event "Late-Titled-Tuesday-Blitz-April-30-2024"]
[Site "Chess.com"]
[Date "2024.04.30"]
[Round "10"]
[White "Sergey_70"]
[Black "Shuvalov"]
[Result "1-0"]
[WhiteElo "2520"]
[BlackElo "2606"]
[TimeControl "180+1"]
[EndTime "15:55:14 PDT"]
[Termination "Sergey_70 won by resignation"]

1. e4 e6 2. d4 d5 3. Nc3 Bb4 4. Ne2 Nc6 5. exd5 exd5 6. a3 Be7 7. g3 Bf6 8. Bg2 Nge7 9. O-O O-O 10. b4 Bg4 11. h3 Bxe2 12. Nxe2 Nf5 13. c3 Nce7 14. g4 Nh4 15. g5 Nef5 16. gxf6 Nxg2 17. Kxg2 Nh4+ 18.
Kh1 Qxf6 19. Ng3 g6 20. Qg4 Qf3+ 21. Qxf3 Nxf3 22. Bf4 c6 23. Rfd1 Rfe8 24. Rd3 Ne1 25. Re3 Nc2 26. Rxe8+ Rxe8 27. Ra2 Ne1 28. Re2 Rxe2 29.
Nxe2 Nd3 30. Kg2 f6 31. Bd2 Kf7 32. a4 b6 33. a5 bxa5 34. bxa5 a6 35. Kf3 Nb2 36.
Bf4 Nc4 37. Bc7 g5 38. Nc1 h5 39. Nd3 Nd2+ 40. Kg2 Nb1 41. Nc5 Nxc3 42. Nxa6 Nb5 43. Bb6 Ke6 44. Nb4 Kd7 45. a6 Kc8 46. h4 gxh4 47.
Nxc6 Nc3 48. Kh3 Ne4 49. Kxh4 Nxf2 50. Kxh5 Nd1 51. Kg6 Ne3 52. Kxf6 Nc2 53. Ke6 Nxd4+ 54. Nxd4 Kb8 55. Kxd5 Ka8 56. Kc6 Kb8 57. Nb3 Ka8 58.
Nc5 Kb8 59. Kb5 Ka8 60. Ba5 Kb8 61. Kb6 Ka8 62. Ne6 Kb8 63. a7+ Kc8 64. a8=Q+ Kd7 65. Qc6+ 1-0

[Event "Late-Titled-Tuesday-Blitz-April-30-2024"]
[Site "Chess.com"]
[Date "2024.04.30"]
[Round "10"]
[White "bubeliang"]
[Black "SpeedofLight0"]
[Result "1-0"]
[WhiteElo "2834"]
[BlackElo "3013"]
[TimeControl "180+1"]
[EndTime "15:55:16 PDT"]
[Termination "bubeliang won by checkmate"]

1. e4 c6 2. d4 d5 3. Nd2 Qc7 4. g3 e5 5. exd5 exd4 6. Bg2 cxd5 7. Ne2 Nc6 8. O-O Nf6 9. Nb3 Be7 10. Nexd4 O-O 11.
Bf4 Qb6 12. Be3 Qd8 13. Re1 Bg4 14. Bf3 h5 15. c3 Rc8 16. Bxg4 hxg4 17. Bg5 Qd7 18. Qd3 Ne4 19. Bxe7 Qxe7 20. Nf5 Qf6 21. Qxd5 Ng5 22. Nbd4 Rcd8 23. Qg2 g6 24. Nh6+ Kg7 25. Nxg4 Qd6 26. Nxc6 bxc6 27. h4 Ne6 28. Ne3 Qc5 29. Rad1 Qb5 30. b3 a5 31. Nc4 a4 32. Rxd8 Rxd8 33.
Re5 c5 34. Qe4 axb3 35. axb3 Qxb3 36. Rxe6 Qd1+ 37. Kg2 fxe6 38. Qe5+ Kh7 39. Ne3 Qd6 40. Qg5 Qc6+ 41. Kh2 Rf8 42. Ng4 e5 43. Qh6+ Kg8 44. h5 Rf5 45. hxg6 Qd7 46. Qh3 Kf8 47. Qh8+ Ke7 48.
Qg7+ Kd6 49. Qxd7+ Kxd7 50. g7 Rg5 51. Nf6+ Ke6 52. g8=Q+ Kf5 53. Qd5 Kxf6 54. Kg2 e4 55. Qxe4 Re5 56. Kf3 Rg5 57. Qf4+ Kg6 58. Qxg5+ Kxg5 59. g4 Kh4 60. Kf4 c4 61. g5 Kh5 62. Kf5 Kh4 63. g6 Kh5 64. g7 Kh4 65. g8=Q Kh5 66.
Qg5# 1-0

[Event "Late-Titled-Tuesday-Blitz-April-30-2024"]
[Site "Chess.com"]
[Date "2024.04.30"]
[Round "10"]
[White "rezamahdavi2008"]
[Black "Njal28"]
[Result "0-1"]
[WhiteElo "2916"]
[BlackElo "3091"]
[TimeControl "180+1"]
[EndTime "15:55:24 PDT"]
[Termination "Njal28 won by resignation"]

1. Nf3 g6 2. e4 Bg7 3. d4 Nf6 4. e5 Ne4 5. Bd3 d5 6. Nbd2 Nxd2 7. Bxd2 c5 8. c3 O-O 9. h4 Bg4 10. h5 cxd4 11. cxd4 Nc6 12. Rh4 Qd7 13. Be3 Nb4 14. Be2 Rac8 15. Rc1 Rxc1 16. Bxc1 Rc8 17. Bd2 Bxf3 18.
gxf3 Nc6 19. hxg6 hxg6 20. Be3 Nb4 21. Kf1 Qf5 22. Qd2 Nc2 23. Bh6 Bh8 24. Bd3 Qxf3 25.
Bxc2 e6 26. Qd3 Qxd3+ 27. Bxd3 Bg7 28. Bxg7 Rc1+ 29. Ke2 Kxg7 30. Kd2 Ra1 31. a3 Rg1 32. Rh3 Rg4 33. Ke3 Rg1 34. Rg3 Rh1 35. f4 a5 36.
Rg2 Rh3+ 37. Ke2 Kf8 38. Rf2 Ke7 39. Kd2 b5 40. Bxb5 Rb3 41. Bd3 Rxb2+ 42. Bc2 Ra2 43. Rf3 Ra1 44. Rb3 Rf1 45. Rb5 Rxf4 46. Ke3 g5 47. Rxa5 Rh4 48. Ra8 Rh3+ 49. Kd2 f5 50.
Ra7+ Kf8 51. a4 g4 52. Ke1 Rh1+ 53. Kd2 Rh2+ 54. Kc3 g3 55. Ra8+ Kf7 56. Ra7+ Kg6 57.
Ra8 Rh7 58. Rb8 g2 59. Rb1 Rh1 60. Rb8 Kf7 61. Rb7+ Kf8 62. Rb8+ Kg7 63. Rb7+ Kh6 64. Rb8 g1=Q 65. Rh8+ Kg7 0-1

[Event "Late-Titled-Tuesday-Blitz-April-30-2024"]
[Site "Chess.com"]
[Date "2024.04.30"]
[Round "10"]
[White "GMKrikor"]
[Black "Sanyura"]
[Result "0-1"]
[WhiteElo "2869"]
[BlackElo "2672"]
[TimeControl "180+1"]
[EndTime "15:55:27 PDT"]
[Termination "Sanyura won on time"]

1. Nf3 Nf6 2. c4 g6 3. Nc3 Bg7 4. e4 d6 5. d4 O-O 6. h3 Na6 7.
Bg5 c5 8. d5 e6 9. Be2 exd5 10.
exd5 Re8 11. O-O h6 12. Bh4 g5 13. Bg3 Ne4 14. Nxe4 Rxe4 15. Bd3 Re8 16. a3 Bxb2 17. Rb1 Bg7 18. Qc2 Qf6 19. Nd2 Qc3 20. Qxc3 Bxc3 21.
Ne4 Bf5 22. f3 Bxe4 23. fxe4 b6 24. Bxd6 Rad8 25. Bg3 Bd4+ 26. Kh1 Kg7 27. Rf5 f6 28.
Rbf1 Rf8 29. Bc2 Nb8 30. Ba4 Rf7 31. e5 a6 32. e6 Re7 33. Bf2 Bxf2 34. R1xf2 b5 35.
cxb5 Rd6 36. Kh2 c4 37. Kg3 h5 38. Rc2 Kg6 39. Rf3 Rxd5 40. bxa6 Nxa6 41. Rxc4 Rxe6 42. Bb3 Rde5 43. Rcc3 Rb6 44. Bc4 Nc5 45. Kh2 Ne4 46.
Rce3 Nd6 47. Bd3+ Kg7 48. Rxe5 fxe5 49. Rg3 Kf6 50. Rf3+ Ke6 51. Bg6 g4 52. Rf1 gxh3 53. Kxh3 Rb3+ 54. Kh4 Rxa3 55. Bxh5 e4 56. g4 Ke5 57. g5 Nf5+ 58. Rxf5+ Kxf5 59. Bg4+ Kf4 60. g6 Ra1 61. g7 Rh1+ 62. Bh3 Rg1 0-1

[Event "Late-Titled-Tuesday-Blitz-April-30-2024"]
[Site "Chess.com"]
[Date "2024.04.30"]
[Round "10"]
[White "Bala-Afiada"]
[Black "LuciaMalanRamos"]
[Result "0-1"]
[WhiteElo "2002"]
[BlackElo "2126"]
[TimeControl "180+1"]
[EndTime "15:55:33 PDT"]
[Termination "LuciaMalanRamos won by resignation"]

1. d4 d5 2. c4 e6 3. Nf3 Nf6 4. Qc2 c5 5. cxd5 exd5 6. dxc5 Qa5+ 7. Bd2 Qxc5 8. Qxc5 Bxc5 9. Nc3 O-O 10. e3 h6 11. Be2 Be6 12. O-O Nc6 13. Rac1 Bb6 14. Na4 Bc7 15. Nc5 Bc8 16. Bb5 Ne5 17. Nxe5 Bxe5 18. Bc3 Bxc3 19. Rxc3 b6 20. Na6 Ne4 21. Rc7 Bxa6 22. Bxa6 Nc5 23. Bb5 Rfc8 24. Rxc8+ Rxc8 25. Rc1 Rc7 26. b4 Ne6 27. Rxc7 Nxc7 28. Bc6 Kf8 29.
Kf1 Ke7 30. Ke2 Kd6 31. Ba4 f6 32. Kd3 Ke5 33. Bb3 Na6 34. a3 Nc7 35. f3 Nb5 36. a4 Nc7 37. a5 Na6 38. axb6 axb6 39. Kc3 Nc7 40. Ba4 g5 41. Bd7 Kd6 42. Bc8 Nb5+ 43. Kd3 Nc7 44. Bb7 Ne6 45. g3 Nd8 46. Ba6 Nc6 47.
b5 Ne7 48. g4 Kc5 49. f4 Ng8 50. fxg5 fxg5 51. e4 dxe4+ 52. Kxe4 Nf6+ 53. Kf5 Nd5 54. h3 Nf4 55. Kf6 Nxh3 56. Kg6 Nf2 57. Kxh6 Nxg4+ 58. Kxg5 Ne3 59. Kf6 Nc2 60. Ke5 Na3 61. Ke6 Nxb5 62. Bxb5 Kxb5 63. Ke5 Ka4 64. Kd4 b5 65. Kc3 Ka3 66.
Kc2 Ka2 67. Kc3 Ka3 68. Kc2 b4 69. Kb1 Kb3 70. Kc1 Ka2 0-1